 Dungeon Crawl Stone Soup version 0.31.0-32-g396128a36d (webtiles) character file.

Game seed: 14862374417271596837

2562 Alphaeus the Grappler (level 9, 0/85 HPs)
             Began as a Troll Shapeshifter on Mar 19, 2024.
             Slain by a steam dragon (8 damage)
             ... on level 6 of the Dungeon.
             The game lasted 00:04:54 (4562 turns).

Alphaeus the Grappler (Troll Shapeshifter)          Turns: 4562, Time: 00:04:54

Health: 0/85       AC:  4    Str: 28    XL:     9   Next: 31%
Magic:  8/8        EV:  9    Int:  6    God:
Gold:   344        SH:  0    Dex:  9    Spells: 8/8 levels left

rFire   . .          .
                       - Unarmed
rCold   . . .        (no shield)
rNeg    . . .        a - +0 animal skin
rPois   .            (helmet currently unavailable)
rElec   .            (cloak currently unavailable)
rCorr   .            (gloves unavailable)
SInv    .            (boots unavailable)
Will    +....        (no amulet)
Stlth   +            e - ring of willpower
HPRegen 1.14/turn    (no ring)
MPRegen 0.11/turn

%: no passive effects
@: beast-form
A: beast (slay +4), large, unfitting armour, claws 3, regeneration 1, shaggy fur
1, tough skin 1
a: Begin Untransformation


You were on level 6 of the Dungeon.
You were a hulking beast.
You visited 1 branch of the dungeon, and saw 6 of its levels.

You collected 344 gold pieces.

Inventory:

Armour
 a - a +0 animal skin (worn)
Jewellery
 e - a ring of willpower (left claw)
 o - a ring of fire
 u - an amulet of guardian spirit
Talismans
 c - a beast talisman
 d - a flux talisman
 t - a maw talisman
 B - a blade talisman
Wands
 y - a wand of iceblast (9)
Scrolls
 f - 2 scrolls of teleportation {unknown}
 h - a scroll of silence {unknown}
 i - 2 scrolls of blinking {unknown}
 k - 2 scrolls of noise {unknown}
 m - a scroll of torment {unknown}
 n - 2 scrolls of enchant armour {unknown}
 q - 5 scrolls of identify {unknown}
 r - 2 scrolls of fog {unknown}
 s - 2 scrolls of fear {unknown}
 w - a scroll of revelation {unknown}
 x - 2 scrolls of amnesia {unknown}
Potions
 b - 3 potions of lignification
 g - 4 potions of curing {unknown}
 j - a potion of attraction {unknown}
 l - 2 potions of mutation {unknown}
 p - 2 potions of might {unknown}
 v - a potion of heal wounds {unknown}
 z - 2 potions of resistance {unknown}
 A - 2 potions of degeneration {unknown}


   Skills:
 + Level 4.6 Fighting
 - Level 1.5 Dodging
 * Level 8.6 Unarmed Combat
 * Level 8.0 Shapeshifting


You had 8 spell levels left.
You didn't know any spells.
Your spell library contained the following spells:

 Spells                   Type           Power      Damage    Failure   Level
 Apportation              Tloc           0%         N/A       45%         1
 Necrotise                Necr           0%         1d4       45%         1
 Slow                     Hex            0%         N/A       45%         1
 Sting                    Conj/Alch      0%         1d3       45%         1
 Summon Small Mammal      Summ           0%         N/A       45%         1
 Lesser Beckoning         Tloc           0%         N/A       58%         2
 Confusing Touch          Hex            0%         N/A       83%         3
 Gell's Gravitas          Tloc           0%         N/A       83%         3
 Sigil of Binding         Hex            0%         N/A       83%         3
 Teleport Other           Tloc           0%         N/A       83%         3
 Vampiric Draining        Necr           0%         2d6       83%         3
 Iskenderun's Battlesphe  Conj           0%         2d6       100%        5
 Bombard                  Conj/Erth      0%         9d1       100%        6
 Spellforged Servitor     Conj/Summ      0%         N/A       100%        7


Dungeon Overview and Level Annotations

Branches:
Dungeon (6/15)
 Temple: D:4-7

Altars:
Hepliaklqana
Nemelex Xobeh
Trog
Zin

Shops:
D:5 !


Innate Abilities, Weirdness & Mutations

You are a hulking beast.
Your limbs bulge with bestial killing power. (Slay +4)
You are too large for most types of armour.
You have claws for hands.
Your natural rate of healing is unusually fast.
You are covered in fur. (AC +1)
You have tough skin. (AC +1)


Message History

The steam dragon is severely wounded.
The steam dragon bites you! The steam dragon claws you.
The steam dragon bites you.
The steam dragon claws you but does no damage.
You claw the steam dragon!
You kill the steam dragon!
The steam dragon scales are intact enough to wear.
The steam dragon bites you!
The steam dragon claws you but does no damage.
You feel your dexterity returning.
Your Shapeshifting skill increases to level 8!
The steam dragon bites you but does no damage.
The steam dragon claws you.
Things that are here:
+0 steam dragon scales; a steam dragon corpse You scratch the steam dragon.
The steam dragon is lightly wounded.
The steam dragon bites you. The steam dragon claws you.
* * * LOW HITPOINT WARNING * * *
You claw the steam dragon!
The steam dragon is heavily wounded.
You closely miss the steam dragon.
The steam dragon is heavily wounded.
The steam dragon breathes steam at you. The ball of steam hits you!!
* * * LOW HITPOINT WARNING * * *
Okay, then.
The steam dragon closely misses you. The steam dragon barely misses you.
You claw the steam dragon!
The steam dragon is almost dead.
The steam dragon bites you.
* * * LOW HITPOINT WARNING * * *
The steam dragon closely misses you. The steam dragon bites you.
* * * LOW HITPOINT WARNING * * *
The steam dragon closely misses you.
You closely miss the steam dragon.
The steam dragon is almost dead.
The steam dragon bites you!
You die...

#...........# #.#...#.# #.#.#
#>.†....###.# #.#...#.# #.#.#
#.##.#..# #.......# #....
#†##...)### ###...### ####.
#.#######..### ...# ###
####.#####..~~§.######## ###..
........##....§§§§.~..#######^.^.
....##..#~.....§D...........~....
.....#.##~....~≈h§~.....~........
.....#.##.~...≈^#########..~.~P~~
.......###.^P~.## ########.
#.##.#.####..~# .. ###
#.##.#.##.#### .... #.#
...#........ # #...### #..
#..###.##.# #.......# ###
#........†########.#... .#
#......#......##...... .#


You could see a steam dragon (catching breath).

Vanquished Creatures
  The ghost of Alphaeus the Changeling, a novice SpSh (D:4)
  Grinder (D:3)
  Sigmund (D:3)
  Eustachio (D:6)
  A steam dragon (D:6)
  Menkaure (D:6)
  2 water moccasins (D:6)
  A black bear (D:4)
  An ice beast (D:6)
  A sky beast (D:5)
  A centaur (D:4)
  A phantom (D:5)
  A scorpion (D:5)
  5 killer bees (D:6)
  2 howler monkeys
  3 hounds
  A jelly (D:3)
  2 bombardier beetles (D:5)
  An orc priest (D:4)
  A sleepcap (D:5)
  An iguana (D:5)
  3 orc wizards
  4 gnolls (D:3)
  9 adders
  2 white imps (D:6)
  A dart slug (D:5)
  A ribbon worm (D:2)
  22 orcs
  6 endoplasms
  9 giant cockroaches
  6 goblins
  11 hobgoblins
  4 jackals (D:1)
  4 quokkas
  2 ball pythons
  4 bats (D:1)
  5 frilled lizards
  8 kobolds
  3 rats
134 creatures vanquished.

Notes
Turn   | Place    | Note
-------+----------+-------------------------------------------
     0 | D:1      | Alphaeus the Troll Shapeshifter began the quest for the
                  | Orb.
     0 | D:1      | Reached XP level 1. HP: 18/18 MP: 0/0
    38 | D:1      | Reached skill level 1 in Fighting
    42 | D:1      | Reached XP level 2. HP: 27/27 MP: 1/1
   620 | D:1      | Found a faded altar of an unknown god.
   652 | D:1      | Reached XP level 3. HP: 28/33 MP: 2/2
  1606 | D:3      | Noticed Sigmund
  1610 | D:3      | Reached XP level 4. HP: 35/41 MP: 3/3
  1619 | D:3      | Killed Sigmund
  1620 | D:3      | Reached XP level 5. HP: 29/49 MP: 4/4
  1631 | D:3      | Reached XP level 6. HP: 47/57 MP: 5/5
  1693 | D:3      | Noticed Grinder
  1700 | D:3      | Killed Grinder
  1701 | D:3      | Reached skill level 5 in Unarmed Combat
  1701 | D:3      | Reached skill level 5 in Shapeshifting
  2038 | D:3      | Reached XP level 7. HP: 62/66 MP: 6/6
  2516 | D:4      | Found a large runed translucent door.
  2516 | D:4      | Found a large runed translucent door.
  2519 | D:4      | Noticed Alphaeus's ghost (novice SpSh)
  2563 | D:4      | Found a sparkling altar of Nemelex Xobeh.
  2617 | D:4      | Found a hazy altar of Hepliaklqana.
  2776 | D:4      | Killed Alphaeus's ghost
  2777 | D:4      | Reached XP level 8. HP: 50/75 MP: 7/7
  2823 | D:5      | Entered Level 5 of the Dungeon
  3192 | D:5      | Found Yseumnoa's Distillery.
  3582 | D:5      | Found a glowing silver altar of Zin.
  3614 | D:5      | Found a bloodstained altar of Trog.
  3957 | D:6      | Noticed Eustachio
  4061 | D:6      | Killed Eustachio
  4222 | D:6      | Reached XP level 9. HP: 62/84 MP: 8/8
  4360 | D:6      | Identified the +7 dagger of the Floral God {holy, *Noise
                  | rPois rN+ Int+2}
  4379 | D:6      | Noticed Menkaure
  4384 | D:6      | Killed Menkaure
  4562 | D:6      | Slain by a steam dragon

Illustrated notes

Levels and vault maps discovered:
D:1:      dpeg_arrival_stonehenge_12_columns, layout_loops_corners,
          hellmonk_ecumenical_altar_zigzags
D:2:      minmay_door_path, layout_loops_cross
D:3:      layout_rooms, minmay_misc_feat_tower, uniq_grinder, uniq_sigmund
D:4:      layout_loops_cross, nemelex_dance_club_becter,
          nzn_hepliaklqana_mist_gate, ebering_ghost_disaster_area
D:5:      layout_layer_cave, mainiacjoe_overflow_two_lobes, serial_shops, shop,
          nrook_loot_triangle
D:6:      kennysheep_steamy, layout_loops_cross, uniq_eustachio, uniq_menkaure

Skill      XL: |  1  2  3  4  5  6  7  8  9 |
---------------+----------------------------+-----
Fighting       | 1 2 3 4 |  4.6
Unarmed Combat | 4 5 6 8 |  8.6
Shapeshifting  | 4 5 6 7 8 |  8.0
Dodging        | |  1.5

Action                     |  1- 3 |  4- 6 |  7- 9 || total
---------------------------+-------+-------+-------++-------
  Melee: Unarmed           |   103 |    48 |   195 ||   346
         Punch             |     2 |       |     4 ||     6
   Stab: Sleeping          |       |       |     1 ||     1
 Armour: Animal skin       |    59 |    36 |   191 ||   286
  Dodge: Dodged            |    41 |    23 |    95 ||   159
